 Dungeon Crawl Stone Soup version 0.31.0-32-g396128a36d (webtiles) character file.

Game seed: 2458791034197913249

53 Alphaeus the Ruffian (level 3, -1/33 HPs)
             Began as a Troll Shapeshifter on Mar 19, 2024.
             Slain by Sigmund
             ... wielding a +2 heavy scythe
              (20 damage)
             ... on level 3 of the Dungeon.
             The game lasted 00:02:53 (971 turns).

Alphaeus the Ruffian (Troll Shapeshifter)            Turns: 971, Time: 00:02:54

Health: -1/33      AC:  4    Str: 24    XL:     3   Next: 64%
Magic:  2/2        EV:  9    Int:  6    God:
Gold:   122        SH:  0    Dex:  9    Spells: 2/2 levels left

rFire   . .          .
                       - Unarmed
rCold   . . .        (no shield)
rNeg    . . .        a - +0 animal skin
rPois   .            (helmet currently unavailable)
rElec   .            (cloak currently unavailable)
rCorr   .            (gloves unavailable)
SInv    .            (boots unavailable)
Will    .....        (no amulet)
Stlth   +            (no ring)
HPRegen 1.05/turn    (no ring)
MPRegen 0.08/turn

%: no passive effects
@: beast-form
A: beast (slay +2), large, unfitting armour, claws 3, regeneration 1, shaggy fur
1, tough skin 1
a: Begin Untransformation


You were on level 3 of the Dungeon.
You were a hulking beast.
You visited 1 branch of the dungeon, and saw 3 of its levels.

You collected 122 gold pieces.

Inventory:

Missiles
 n - 2 throwing nets (quivered)
Armour
 a - a +0 animal skin (worn)
Jewellery
 h - a +6 ring of intelligence
Talismans
 c - a beast talisman
 d - a flux talisman
Scrolls
 f - a scroll of brand weapon {unknown}
 j - 2 scrolls of identify {unknown}
 k - a scroll of vulnerability {unknown}
 l - a scroll of silence {unknown}
 m - a scroll of enchant armour {unknown}
Potions
 b - a potion of lignification
 e - 2 potions of degeneration {unknown}
 g - a potion of resistance {unknown}
 i - 3 potions of curing {unknown}


   Skills:
 + Level 1.3 Fighting
 - Level 1.5 Dodging
 * Level 3.8 Unarmed Combat
 * Level 3.6 Shapeshifting


You had 2 spell levels left.
You didn't know any spells.
Your spell library was empty.

Dungeon Overview and Level Annotations

Branches:
Dungeon (3/15)

Altars:
Hepliaklqana

Annotations:
D:3 Grinder, Sigmund


Innate Abilities, Weirdness & Mutations

You are a hulking beast.
Your limbs bulge with bestial killing power. (Slay +2)
You are too large for most types of armour.
You have claws for hands.
Your natural rate of healing is unusually fast.
You are covered in fur. (AC +1)
You have tough skin. (AC +1)


Message History

You kill the endoplasm!
No target in view!
No target in view!
No target in view!
No target in view!
No target in view!
No target in view!
No target in view!
No target in view!
No target in view!
No target in view!
No target in view!
No target in view!
No target in view!
Grinder comes into view.
Grinder gestures at you.
You suddenly lose the ability to move!
Grinder blinks!
You can move again.
Grinder blinks!
No target in view!
No target in view!
Sigmund the Dreaded comes into view.
He is wielding a +2 heavy scythe and carrying a wand of polymorph.
Sigmund shouts!
Sigmund casts a spell at you. You resist with significant effort.
Sigmund casts a spell.
Sigmund flickers and vanishes!
Deactivating autopickup; reactivate with Ctrl-A.
You scratch Grinder.
Grinder is lightly wounded.
Grinder hits you.
You mangle Grinder!!
Grinder is heavily wounded.
Grinder hits you.
You barely miss Grinder.
Grinder is heavily wounded.
Grinder hits you.
You writhe in agony.
Something hits you!!
Ouch! That really hurt!
You die...

#.. #... #.. .... ...
..... #.##.....
#........ #..{.....
##.5...... #.h##....
###############.........
..P...............#.....
#...................#..#
....P§..#.##......### .#
.§§§....#..#.#..#.#
PP.§.....#.#.#.....#
P§P§.§#P##.#.##......
.#.....#...........#..


You could see Grinder.

Vanquished Creatures
  An adder (D:2)
  A dart slug (D:2)
  3 ribbon worms (D:2)
  4 bats
  7 endoplasms
  A giant cockroach (D:1)
  3 goblins
  2 hobgoblins (D:2)
  2 quokkas
  2 ball pythons
  2 kobolds
  5 rats
33 creatures vanquished.

Notes
Turn   | Place    | Note
-------+----------+-------------------------------------------
     0 | D:1      | Alphaeus the Troll Shapeshifter began the quest for the
                  | Orb.
     0 | D:1      | Reached XP level 1. HP: 18/18 MP: 0/0
   157 | D:1      | Reached skill level 1 in Fighting
   188 | D:1      | Reached XP level 2. HP: 23/27 MP: 1/1
   650 | D:2      | Reached XP level 3. HP: 27/33 MP: 2/2
   943 | D:3      | Found a hazy altar of Hepliaklqana.
   961 | D:3      | Noticed Grinder
   961 | D:3      | Paralysed by Grinder for 2 turns
   966 | D:3      | Noticed Sigmund
   971 | D:3      | Slain by Sigmund

Illustrated notes

Levels and vault maps discovered:
D:1:      spicycebolla_arrival_clurvy, layout_basic
D:2:      layout_rooms, grunt_decor_fettered, wad_floor_pattern_untrapped,
          kennysheep_generic_room_13
D:3:      layout_rooms, grunt_dithmenos_smoke_and_mirrors,
          nicolae_hepliaklqana_hazy_memory, vehumet_crystals,
          ebering_ghost_disaster_area, minmay_misc_feat_doors, uniq_sigmund,
          uniq_grinder

Skill      XL: |  1 |
---------------+----+-----
Fighting       | 1 |  1.3
Dodging        | |  1.5
Unarmed Combat | |  3.8
Shapeshifting  | |  3.6

Action                     || total
---------------------------++-------
  Melee: Unarmed           ||    76
         Punch             ||     2
 Armour: Animal skin       ||    48
  Dodge: Dodged            ||    34
